 Dungeon Crawl Stone Soup version 0.32-a0-643-ga006e7742e (webtiles) character file.

Game seed: 5668238813325910475

198 ezpacito the Trooper (level 5, -2/42 HPs)
             Began as a Coglin Chaos Knight on Mar 7, 2024.
             Was a Plaything of Xom.
             Succumbed to Crazy Yiuf's poison
             ... on level 3 of the Dungeon.
             The game lasted 00:02:53 (2295 turns).

ezpacito the Trooper (Coglin Chaos Knight)          Turns: 2295, Time: 00:02:54

Health: -2/42      AC:  5    Str: 14    XL:     5   Next: 77%
Magic:  6/6        EV: 12    Int: 12    God:    Xom [......]
Gold:   208        SH:  0    Dex: 13    Spells: 6/6 levels left

rFire   . . .        a - +0 hand axe (chaos) {Nozipho}
rCold   . . .        f - +0 spear {Guillermo}
rNeg    . . .        b - +2 leather armour
rPois   .            (no helmet)
rElec   .            (no cloak)
rCorr   .            (no gloves)
SInv    .            (no boots)
Will    .....        (amulet unavailable)
Stlth   +            (ring unavailable)
HPRegen 0.00/turn    (ring unavailable)
MPRegen 0.10/turn    (no gizmo)

%: no passive effects
@: lethally poisoned (-2 -> -29), inhibited regen, revved
A: off-hand wielding, slow wielding, warmup strikes, no jewellery, inhibited
regeneration
a: Invent Gizmo, Renounce Religion


You were on level 3 of the Dungeon.
You worshipped Xom.
You were a very special plaything of Xom.
You visited 1 branch of the dungeon, and saw 4 of its levels.

You collected 208 gold pieces.

Inventory:

Hand Weapons
 a - a +0 hand axe of chaos (weapon) {Nozipho}
 f - a +0 spear (offhand) {Guillermo}
Missiles
 j - 3 javelins (quivered)
 p - 6 boomerangs
Armour
 b - a +2 leather armour (worn)
Wands
 r - a wand of mindburst (19)
Scrolls
 c - a scroll of butterflies
 d - 3 scrolls of amnesia
 g - a scroll of acquirement {unknown}
 h - a scroll of blinking {unknown}
 i - a scroll of noise {unknown}
 k - a scroll of fear {unknown}
 l - a scroll of torment {unknown}
 o - a scroll of enchant weapon {unknown}
Potions
 e - a potion of lignification
 m - a potion of mutation {unknown}
 n - a potion of heal wounds {unknown}
 q - a potion of curing


   Skills:
 * Level 3.7 Fighting
 * Level 3.7(3.9) Axes
 + Level 1.4(2.6) Polearms
 * Level 2.6 Armour
 * Level 2.1 Dodging
 + Level 1.1 Stealth
 + Level 1.0 Spellcasting
 + Level 0.0 Evocations


You had 6 spell levels left.
You didn't know any spells.
Your spell library was empty.

Dungeon Overview and Level Annotations

Branches:
Dungeon (4/15)
 Temple: D:4-7

Altars:

Shops:
D:2 :

Annotations:
D:3 Crazy Yiuf


Innate Abilities, Weirdness & Mutations

You can wield a second weapon in your off-hand.
It takes a long time for you to wield or remove held weapons.
Your first few attacks do less damage.
You cannot equip rings or amulets.
You do not regenerate when monsters are visible.


Message History

You hit the crimson imp with your +0 hand axe of chaos.
The crimson imp convulses.
The crimson imp misses you.
Crazy Yiuf hits you with a +3 quarterstaff of chaos!
Crazy Yiuf burns you.
You take 9 damage, and have 33/42 hp.
MASSIVE DAMAGE!!
You hit Crazy Yiuf but do no damage.
You completely miss the crimson imp with your +0 hand axe of chaos.
You hit the white imp but do no damage. You hit Crazy Yiuf with your +0 spear.
The white imp gestures at you. The puff of frost hits you.
The crimson imp misses you. Crazy Yiuf closely misses you.
You take 5 damage, and have 28/42 hp.
You hit Crazy Yiuf but do no damage.
Crazy Yiuf is lightly wounded.
You hit Crazy Yiuf with your +0 hand axe of chaos.
Crazy Yiuf flies into a frenzy!
You closely miss the crimson imp with your +0 hand axe of chaos.
You hit the quasit but do no damage.
You hit the white imp with your +0 hand axe of chaos.
The quasit barely misses you. The quasit claws you.
The quasit claws you but does no damage.
Crazy Yiuf hits you with a +3 quarterstaff of chaos!
* * * LOW HITPOINT WARNING * * *
You are lethally poisoned!
The crimson imp blinks!
The white imp hits you.
* * * LOW HITPOINT WARNING * * *
The white imp freezes you.
* * * LOW HITPOINT WARNING * * *
You take 24 damage, and have 4/42 hp.
MASSIVE DAMAGE!!
You strike the helpless Crazy Yiuf from behind!
You hit Crazy Yiuf but do no damage.
Crazy Yiuf is moderately wounded.
You catch the helpless Crazy Yiuf completely off-guard!
You slash Crazy Yiuf with your +0 hand axe of chaos!
You hit the crimson imp but do no damage.
You barely miss the quasit with your +0 hand axe of chaos.
You hit the white imp with your +0 hand axe of chaos.
The white imp convulses.
You die...
Xom titters!

#...# #.# #....#
#..#[.# #...# #.#
♣....♣ ##..<######
#...# #.# ♣♣...♣
#.........# #...#
#.# ♣♣.♣♣
###.#####.# #...#
##.# ♣♣.♣ #.# #.#
....####..# ♣.♣♣
#[# #.#
#.........## ♣♣.♣
#.# #.##
##.###.....# ♣5♣♣
#.# #... ##.#
##....# #@# #.#
#### ...#####.###
#5g5# #.#
.###.......# #...#
#.##### .#
#.###.### #)..#
#.)...# .# #.# #.#
##### #####.#
.###.###.### #.#
....#......#######
#.####
.###.########....#
#..... .# #.#
#..#.# ######


You could see a quasit (summoned), a crimson imp (summoned), a white imp
(summoned) and the neutral Crazy Yiuf (fast, strong, frenzied, distracted).

Vanquished Creatures
  An iguana (D:3)
  Ijyb (D:3)
  Natasha (thrice) (D:2)
  An adder (D:3)
  A dart slug (D:1)
  An orc (D:3)
  6 ball pythons
  7 endoplasms
  9 goblins
  8 hobgoblins
  2 jackals (D:1)
  4 kobolds
  2 quokkas (D:1)
  7 bats
  A frilled lizard (D:2)
  5 rats
59 creatures vanquished.

Vanquished Creatures (collateral kills)
  A hobgoblin (D:2)
1 creature vanquished.

Grand Total: 60 creatures vanquished

Notes
Turn   | Place    | Note
-------+----------+-------------------------------------------
     0 | D:1      | ezpacito the Coglin Chaos Knight began the quest for the
                  | Orb.
     0 | D:1      | Reached XP level 1. HP: 18/18 MP: 1/1
   119 | D:1      | Reached skill level 1 in Dodging
   154 | D:1      | Reached XP level 2. HP: 24/24 MP: 2/2
   263 | D:1      | XOM: silly message
   295 | D:1      | XOM: cast spell 'Summon Small Mammal'
   385 | D:1      | XOM: silly message
   520 | D:1      | Reached XP level 3. HP: 29/29 MP: 3/3
   670 | D:2      | Noticed Natasha
   673 | D:2      | Killed Natasha
   776 | D:2      | Reached XP level 4. HP: 35/35 MP: 5/5
  1002 | D:2      | You fall into a shaft and drop 2 floors!
  1017 | D:4      | Noticed an ogre
  1206 | D:2      | Reached skill level 1 in Polearms
  1274 | D:2      | Found Bitheit's Book Shoppe.
  1338 | D:2      | Noticed Natasha
  1347 | D:2      | XOM: cleaving
  1351 | D:2      | XOM: enchant monster (good)
  1353 | D:2      | Killed Natasha
  1360 | D:2      | XOM: silly message
  1468 | D:2      | XOM: noise
  1584 | D:2      | XOM: give mutations
  1584 | D:2      | Gained mutation: You are robust. (+10% HP) [Xom's mischief]
  1584 | D:2      | Lost mutation: You are robust. (+10% HP) [Xom's mischief]
  1584 | D:2      | Gained mutation: You do not regenerate when monsters are
                  | visible. [Xom's mischief]
  1620 | D:2      | Noticed Natasha
  1625 | D:2      | Killed Natasha
  1626 | D:2      | Reached XP level 5. HP: 36/41 MP: 6/6
  1892 | D:3      | Reached skill level 1 in Stealth
  2172 | D:3      | Noticed Ijyb
  2177 | D:3      | Killed Ijyb
  2178 | D:3      | Reached skill level 1 in Spellcasting
  2286 | D:3      | Found a runed translucent door.
  2287 | D:3      | Noticed Crazy Yiuf
  2291 | D:3      | XOM: summons 3 hostile demons
  2295 | D:3      | Succumbed to Crazy Yiuf's poison

Illustrated notes

Levels and vault maps discovered:
D:1:      shiori_arrival_elements, layout_basic
D:2:      layout_loops_ring, serial_shops, nicolae_shop_trees,
          minmay_octomino_e4, uniq_natasha
D:3:      layout_loops_ring, uniq_ijyb, uniq_crazy_yiuf_cottage
D:4:      minmay_door_path, layout_basic,
          nicolae_gozag_cash_rules_everything_around_me,
          lemuel_zombie_altar_kikubaaqudgha, temple_fountains

Skill      XL: |  1  2  3  4  5 |
---------------+----------------+-----
Dodging        | 1 2 |  2.1
Armour         | 2 |  2.6
Polearms       | 1 |  1.4
Stealth        | 1 |  1.1
Spellcasting   | 1 |  1.0
Fighting       | |  3.7
Axes           | |  3.7

Action                     |  1- 3 |  4- 6 || total
---------------------------+-------+-------++-------
  Melee: Hand axe          |    41 |    64 ||   105
         Dagger            |     5 |       ||     5
         Spear             |    39 |    84 ||   123
    Use: Scroll            |       |     3 ||     3
   Stab: Distracted        |     1 |     2 ||     3
         Sleeping          |       |     4 ||     4
 Armour: Leather armour    |    16 |    30 ||    46
  Dodge: Dodged            |    23 |    34 ||    57

Table legend: (Time is in decaauts)
 A = Elapsed time spent in this place.
 B = Non-inter-level travel time spent in this place.
 C = Inter-level travel time spent in this place.
 D = Time resting spent in this place.
 E = Time spent auto-exploring this place.
 F = Levels seen in this place.
 G = Mean time per level.
                   A        B        C        D        E       F      G
               +--------+--------+--------+--------+--------+-----+--------+
         Total |   2319 |   2260 |     59 |    110 |   1581 |   4 |  579.8 |
       Dungeon |   2319 |   2260 |     59 |    110 |   1581 |   4 |  579.8 |
               +--------+--------+--------+--------+--------+-----+--------+

Top non-repeatable levels by time:
     D:2: 791 daAuts
     D:1: 670 daAuts
     D:3: 669 daAuts
     D:4: 187 daAuts
